 Dungeon Crawl Stone Soup version 0.16-a0-3300-g0332368 (webtiles) character file.

100 PolkaDot the Caller (level 4, 0/55 HPs)
             Began as a Vampire Summoner on Dec 25, 2014.
             Succumbed to poison (a potion of poison)
             ... on level 3 of the Dungeon.
             The game lasted 00:06:28 (2115 turns).

PolkaDot the Caller (Vampire Summoner)              Turns: 2115, Time: 00:06:28

Health: 0/55       AC: 22    Str:  7    XL:     4   Next: 46%
Magic:  7/7        EV:  2    Int: 18    God:
Gold:   60         SH:  0    Dex: 14    Spells: 3 memorised, 1 level left

rFire  . . .     SeeInvis +     r - +0 short sword (vamp)
rCold  . . .     Clarity  .     a - melded +0 robe
rNeg   + + +     SustAb   .     (no shield)
rPois  +         Gourm    .     (helmet currently unavailable)
rElec  .         Spirit   .     (cloak currently unavailable)
rCorr  .         Warding  .     c - melded +2 pair of gloves
rMut   .         NoTele   +     (boots currently unavailable)
MR     .....                    k - amulet of faith
Stlth  +++.......               (no ring)
                                (no ring)

@: lethally poisoned, tree-form, very slightly contaminated, regenerating
quickly, hasted, very quick, not resistant to hostile enchantments, fairly
stealthy
A: bottle blood, (fangs 0), see invisible, (unbreathing)
a: no special abilities


You were on level 3 of the Dungeon.
You were very full.
You were a tree.
You visited 1 branch of the dungeon, and saw 3 of its levels.

You collected 60 gold pieces.

Inventory:

Hand weapons
 r - a +0 vampiric short sword (weapon)
Missiles
 d - 8 javelins (quivered)
 t - 2 throwing nets
Armour
 a - a +0 robe (melded)
 c - a +2 pair of gloves (melded)
Jewellery
 k - an amulet of faith (around neck)
 o - an uncursed ring of positive energy {unknown}
Scrolls
 f - a scroll of remove curse {unknown}
 i - a scroll of teleportation {unknown}
 j - a scroll of noise {unknown}
 l - a scroll of random uselessness {unknown}
 n - a scroll of immolation {unknown}
 p - a scroll of blinking {unknown}
 s - a scroll of recharging {unknown}
Potions
 m - 2 potions of blood {@*1}
 q - a potion of magic {unknown}
Books
 b - a book of Callings

   Spells                             Type                      Level
   a - Summon Small Mammal            Summoning                    1
   b - Call Imp                       Summoning                    2
   c - Call Canine Familiar           Summoning                    3
   d - Summon Guardian Golem          Hexes/Summoning              4
   e - Summon Lightning Spire         Summoning/Air                4
   f - Summon Ice Beast               Ice/Summoning                4


   Skills:
 + Level 3.8 Fighting
 - Level 2.1 Dodging
 - Level 3.0 Stealth
 - Level 2.0 Spellcasting
 - Level 4.0 Summonings


You had one spell level left.
You knew the following spells:

 Your Spells              Type           Power        Failure   Level  Hunger
d - Call Canine Familiar  Summ           ###.....     12%         3    ###....
s - Call Imp              Summ           ###.....     6%          2    ###....
z - Summon Small Mammal   Summ           ###.         3%          1    #......


Dungeon Overview and Level Annotations

Branches:
Dungeon (3/15)

Altars:
Gozag
Nemelex Xobeh
Trog


Innate Abilities, Weirdness & Mutations

Your natural rate of healing is unusually fast.
You can bottle blood from corpses.
((You have razor-sharp teeth.))
You have supernaturally acute eyesight.
((You can survive without breathing.))


Message History

It was a potion of haste.
You feel yourself speed up.
* * * LOW HITPOINT WARNING * * *
You feel sick. The scorpion misses you.
You are very lightly contaminated with residual magic.
Drink which item? (? for menu, Esc to quit)
Okay, then.
* * * LOW HITPOINT WARNING * * *
You feel sick.
* * * LOW HITPOINT WARNING * * *
You feel sick.
Drink which item? (? for menu, Esc to quit)
It was a potion of poison.
That liquid tasted very nasty...
You are more poisoned.
* * * LOW HITPOINT WARNING * * *
You feel sick.
Drink which item? (? for menu, Esc to quit)
It was a potion of lignification.
You turn into a tree.
Your +2 pair of gloves melds into your body.
Your +0 robe melds into your body.
Your roots penetrate the ground.
You die...

#.. ###### #.. ###....###
#.. ?. #........# ##. ...##
#........######.% ......
#........##...... .......
#........#..#>...
.......####........#.#.....
...?...#..♣......###.......
........#s##.#####.....##.>.
..........#..# ##...#####.#
......##.##.#####...####...#
... #.#.......[.## #..### #
#.............# #.####
#..#.#.......<###.###.
...#.#............##..
##.##.####..######.....


You could see a scorpion.

Vanquished Creatures
  3 adders (D:2)
  A worm (D:2)
  A giant gecko (D:1)
  An ooze (D:2)
  An orc (D:3)
  5 hobgoblins
  4 jackals (D:1)
  2 quokkas (D:2)
  5 bats
  3 giant cockroaches (D:1)
  2 giant newts
  5 goblins
  4 kobolds
  10 rats
47 creatures vanquished.

Vanquished Creatures (collateral kills)
  2 adders (D:2)
  An ooze (D:2)
  A giant cockroach (D:1)
  A rat (D:1)
5 creatures vanquished.

Vanquished Creatures (others)
  A rat (D:1)
1 creature vanquished.

Grand Total: 53 creatures vanquished

Notes
Turn   | Place    | Note
--------------------------------------------------------------
     0 | D:1      | PolkaDot, the Vampire Summoner, began the quest for the Orb.
     0 | D:1      | Reached XP level 1. HP: 13/13 MP: 3/3
   133 | D:1      | Reached skill level 1 in Fighting
   311 | D:1      | Reached XP level 2. HP: 19/21 MP: 4/4
  1070 | D:1      | Reached XP level 3. HP: 24/28 MP: 6/6
  1136 | D:2      | Found an opulent altar of Gozag.
  1519 | D:2      | Reached XP level 4. HP: 19/35 MP: 2/7
  1559 | D:2      | Found a sparkling altar of Nemelex Xobeh.
  1566 | D:2      | Found a bloodstained altar of Trog.
  1931 | D:2      | Learned a level 2 spell: Call Imp
  1935 | D:2      | Learned a level 3 spell: Call Canine Familiar
  2114 | D:3      | HP: 1/37 [poison (a potion of poison)]
  2115 | D:3      | Succumbed to poison (a potion of poison)

Action                   |  1- 3 |  4- 6 || total
-------------------------+-------+-------++-------
Melee: Unarmed           |    90 |       ||    90
       Spear             |   124 |    54 ||   178
       Short sword       |       |    17 ||    17
Throw: Javelin           |     1 |       ||     1
 Cast: Summon Small Mamm |    10 |       ||    10
  Use: Potion            |     2 |     7 ||     9
 Stab: Sleeping          |    10 |     2 ||    12
  Eat: Corpse            |    10 |       ||    10
